 Zot Defence DCSS version 0.13.2 (webtiles) character file.

38 MordorOrchid the Grave Robber (level 2, -1/18 (20) HPs)
             Began as a Draconian Necromancer on Aug 29, 2019.
             Slain by Pialeukh the scorpion (10 damage)
             ... in the Realm of Zot (Scenario I: Hall of Zot).
             The game lasted 00:03:08 (260 turns).

MordorOrchid the Grave Robber (DrNe)                 Turns: 260, Time: 00:03:08

HP  -1/18 (20)   AC  4     Str 10      XL: 2   Next: 48%
MP   4/4         EV 12     Int 15      God:
Gold 20          SH  0     Dex 11      Spells:  2 memorised,  1 level left

Res.Fire  : . . .   See Invis. : .   (no weapon)
Res.Cold  : . . .   Warding    : .   (armour unavailable)
Life Prot.: . . .   Conserve   : .   (no shield)
Res.Poison: .       Res.Corr.  : .   (helmet restricted)
Res.Elec. : .       Clarity    : .   (no cloak)
Sust.Abil.: . .     Spirit.Shd : .   (no gloves)
Res.Mut.  : .       Stasis     : .   (no boots)
Res.Rott. : .       Flight     : .   (no amulet)
Saprovore : . . .                    (no ring)
                                     (no ring)

@: exhausted, slowed, very slow, not resistant to hostile enchantments,
unstealthy
A: unfitting armour, AC +4
a: Make dart trap, Make oklob sapling


You were in the Realm of Zot.
You were not hungry.

You visited 1 branch

Inventory:

Comestibles
 d - a bread ration
Scrolls
 i - a scroll of blinking
Potions
 c - a potion of curing
 e - a potion of heal wounds
 f - a potion of speed
 g - a potion of magic
Books
 b - a book of Necromancy

   Spells                             Type                      Level
   *Pain                              Necromancy                   1
   *Animate Skeleton                  Necromancy                   1
   Lethal Infusion                    Charms/Necromancy            2
   Vampiric Draining                  Necromancy                   3
   Regeneration                       Charms/Necromancy            3
   Animate Dead                       Necromancy                   4
   Control Undead                     Necromancy                   4


   Skills:
 * Level 0.9 Fighting
 * Level 2.3 Dodging
 - Level 1.7 Stealth
 * Level 1.4 Spellcasting
 - Level 4.0 Necromancy


You had one spell level left.
You knew the following spells:

 Your Spells              Type           Power        Failure   Level  Hunger
a - Pain                  Necr           ##..         6%          1    ##.....
u - Animate Skeleton      Necr           N/A          6%          1    ##.....


Dungeon Overview and Level Annotations

Branches:
    Zot (1/1)

Altars:


Message History

Press: ? - help, Shift-Dir - straight line, f/p - Pialeukh
Aim: Pialeukh the scorpion (heavily wounded) Pialeukh convulses in agony!
Pialeukh misses you. Pialeukh stings you.
* * * LOW HITPOINT WARNING * * *
Casting: Pain
Confirm with . or Enter, or press ? or * to list all spells.
You don't have enough magic to cast that spell.
Drink which item? (? for menu, Esc to quit)
You feel better. Pialeukh closely misses you.
Casting: Pain
Confirm with . or Enter, or press ? or * to list all spells.
Aiming: Pain
Press: ? - help, Shift-Dir - straight line, f/p - Pialeukh
Aim: Pialeukh the scorpion (heavily wounded) Pialeukh convulses in agony!
Pialeukh barely misses you. Pialeukh stings you but does no damage.
Drink which item? (? for menu, Esc to quit)
Magic courses through your body. Pialeukh stings you!
Ouch! That really hurt!
You die...

######## ######## ....####
####.... .......### ###.......
.........## ##.........
..........# ######### #..........
..........###.......###..........
..........##.........##..........
..........#...........#..........
..........^^^%.s@^..^^^..........
..........#...........#..........
..........##.........##..........
..........###.......###..........
..........# ######### #..........
.........## ##.........
.......### ###....... ....####
####.... ######### #########


You could see Pialeukh the scorpion.

Vanquished Creatures
  An ooze (Zot)
  A bat (Zot)
  3 giant cockroaches (Zot)
  A goblin (Zot)
  A ball python (Zot)
  2 rats (Zot)
9 creatures vanquished.

Vanquished Creatures (others)
  A ball python (Zot)
  A rat (Zot)
2 creatures vanquished.

Grand Total: 11 creatures vanquished

Notes
Turn   | Place    | Note
--------------------------------------------------------------
     0 | Zot      | MordorOrchid, the Draconian Necromancer, began the quest for the Orb.
     0 | Zot      | Reached XP level 1. HP: 14/14 MP: 3/3
    10 | Zot      | Learned a level 1 spell: Animate Skeleton
   228 | Zot      | Reached XP level 2. HP: 10/18 MP: 1/4
   241 | Zot      | Noticed Pialeukh
   260 | Zot      | Slain by Pialeukh the scorpion

Action                   || total
-------------------------++-------
Melee: Unarmed           ||    24
 Cast: Pain              ||     8
 Abil: Make dart trap    ||     8
  Use: Potion            ||     4
